 Dungeon Crawl Stone Soup version 0.31.0-11-ge490571c62 (webtiles) character file.

Game seed: 18043929821577648608

802 Edyrem the Cudgeller (level 7, -1/44 HPs)
             Began as a Gargoyle Gladiator on Feb 6, 2024.
             Killed from afar by an orc wizard (3 damage)
             ... with a magic dart
             ... on level 6 of the Dungeon.
             The game lasted 00:11:51 (4732 turns).

Edyrem the Cudgeller (Gargoyle Gladiator)           Turns: 4732, Time: 00:11:51

Health: -1/44      AC: 16    Str: 17    XL:     7   Next: 91%
Magic:  7/7        EV:  8    Int:  9    God:
Gold:   235        SH:  0    Dex: 11    Spells: 5/6 levels left

rFire   + + .        a - +0 flail
rCold   . . .        (no shield)
rNeg    + . .        m - +0 chain mail
rPois   ∞            c - +0 helmet
rElec   +            s - +0 cloak
rCorr   .            (no gloves)
SInv    .            (no boots)
Will    .....        (no amulet) Stlth
                     w - +4 ring of slaying
HPRegen 0.27/turn    x - ring "Omaphak" {Fly rF++ Str-2}
MPRegen 0.10/turn

%: no passive effects
@: mighty, flying
A: sickness immunity, AC +4, negative energy resistance 1, electricity
resistance, torment resistance 1, petrification resistance
a: no special abilities


You were on level 6 of the Dungeon.
You visited 1 branch of the dungeon, and saw 6 of its levels.
You also visited: Sewer.

You collected 257 gold pieces.
You spent 22 gold pieces at shops.

Inventory:

Hand Weapons
 a - a +0 flail (weapon)
 b - a +0 war axe
Missiles
 d - 5 throwing nets
 e - a javelin
 r - a dart of dispersal
 v - 24 poisoned darts (quivered)
Armour
 c - a +0 helmet (worn)
 m - a +0 chain mail (worn)
 s - a +0 cloak (worn)
 u - a +0 leather armour
Jewellery
 w - a +4 ring of slaying (left hand)
 x - the ring "Omaphak" (right hand) {Fly rF++ Str-2}
   (You found it on level 4 of the Dungeon)

   [ring of flight]

   Str-2:     It affects your strength (-2).
   rF++:      It greatly protects you from fire.
   Fly:       It grants you flight.
Wands
 j - a wand of mindburst (11)
 t - a wand of iceblast (5)
Scrolls
 g - a scroll of vulnerability {unknown}
 h - a scroll of identify {@r1}
 l - a scroll of brand weapon {unknown}
Potions
 f - 2 potions of might
 i - 4 potions of mutation
 k - a potion of attraction {unknown}
 n - a potion of magic
 o - a potion of enlightenment {unknown}
 p - a potion of curing {unknown}
 q - 2 potions of lignification
 z - 2 potions of haste {unknown}
 A - 2 potions of cancellation


   Skills:
 + Level 5.1 Fighting
 * Level 6.8 Maces & Flails
 - Level 1.7 Throwing
 + Level 4.3 Armour
 - Level 2.4 Dodging


You had 5 spell levels left.
You knew the following spells:

 Your Spells              Type           Power      Damage    Failure   Level
a - Magic Dart            Conj           0%         1d3       99%         1

Your spell library contained the following spells:

 Spells                   Type           Power      Damage    Failure   Level
 Blink                    Tloc           0%         N/A       99%         2
 Call Imp                 Summ           0%         N/A       99%         2
 Searing Ray              Conj           0%         2d4       99%         2
 Fulminant Prism          Conj/Alch      0%         3d5       100%        4
 Vhi's Electric Charge    Tloc/Air       0%         N/A       100%        4
 Arcjolt                  Conj/Air       0%         1d10      100%        5
 Plasma Beam              Fire/Air       0%         2x1d10    100%        6


Dungeon Overview and Level Annotations

Branches:
Dungeon (6/15)              Sewer (visited)
 Temple: D:4-7

Altars:
The Shining One

Shops:
D:4 *


Innate Abilities, Weirdness & Mutations

You are immune to sickness and miasma.
Your stone body is resilient. (AC +4)
You are immune to poison.
You resist negative energy. (rN+)
You are resistant to electric shocks. (rElec)
You are resistant to unholy torment.
You are immune to petrification.


Message History

You closely miss the orc warrior.
The orc warrior hits you with a +0 long sword.
* * * LOW HITPOINT WARNING * * *
The orc warrior barely misses you.
You hit the orc warrior.
The orc warrior is lightly wounded.
The orc warrior hits you but does no damage.
You hit the orc warrior.
The orc warrior is moderately wounded.
The orc warrior hits you with a +0 long sword.
* * * LOW HITPOINT WARNING * * *
You bludgeon the orc warrior!!
The orc warrior is almost dead.
The orc warrior hits you with a +0 long sword.
* * * LOW HITPOINT WARNING * * *
You closely miss the orc warrior.
The orc warrior is almost dead.
The orc warrior barely misses you.
You closely miss the orc warrior.
The orc warrior is almost dead.
The orc warrior hits you but does no damage.
You hit the orc warrior.
You kill the orc warrior!
Your Fighting skill increases to level 5!
You sock the orc!
You kill the orc!
You closely miss something. Something hits you but does no damage.
You closely miss something. Something hits you.
* * * LOW HITPOINT WARNING * * *
Something hits you but does no damage.
You sock something! Something hits you but does no damage.
You barely miss something. Something hits you but does no damage.
You closely miss something. Something hits you but does no damage.
You barely miss something. Something hits you.
* * * LOW HITPOINT WARNING * * *
You closely miss something.
You hear some strange, mumbled words.
A magic dart appears from out of thin air!
The magic dart hits you.
You die...

#$.....## ##.....
#.......## #......
#........###.....#
#...o... ##......#
#..o.####.......#
#...###.........#
#.##.........#..#
###>..#........#.#
#@{.####.......###
#...#### #.......#
.....## ##.....)<#
##.. #....)).## ##
#....).)#
#......)##
.........
.........#
......#..#


There were no monsters in sight!

Vanquished Creatures
  An orc warrior (D:6)
  2 ogres
  A kobold brigand (Sewer)
  A scorpion (D:5)
  A gnoll bouda (D:6)
  Crazy Yiuf (D:3)
  An orc priest (D:5)
  3 iguanas
  6 gnolls
  4 adders
  3 river rats
  A white imp (D:5)
  3 dart slugs
  3 ribbon worms
  8 orcs
  10 ball pythons
  7 endoplasms
  2 giant cockroaches
  6 goblins
  3 hobgoblins
  4 jackals (D:5)
  24 kobolds
  A quokka (D:1)
  5 bats
  A frilled lizard (D:3)
  23 rats
125 creatures vanquished.

Notes
Turn   | Place    | Note
-------+----------+-------------------------------------------
     0 | D:1      | Edyrem the Gargoyle Gladiator began the quest for the Orb.
     0 | D:1      | Reached XP level 1. HP: 12/12 MP: 1/1
    36 | D:1      | Reached XP level 2. HP: 6/18 MP: 2/2
   246 | D:1      | Reached skill level 1 in Armour
   382 | D:1      | Found a faded altar of an unknown god.
   597 | D:1      | Reached XP level 3. HP: 22/22 MP: 3/3
   929 | D:2      | Noticed an ogre
   933 | D:2      | Killed an ogre
   934 | D:2      | Reached skill level 4 in Maces & Flails
   934 | D:2      | Reached XP level 4. HP: 17/28 MP: 4/4
  1015 | D:2      | Learned a level 1 spell: Magic Dart
  1248 | D:2      | Reached XP level 5. HP: 32/32 MP: 5/5
  2125 | D:3      | Found a runed translucent door.
  2126 | D:3      | Noticed Crazy Yiuf
  2131 | D:3      | Killed Crazy Yiuf
  2574 | D:4      | Found Ozxil's General Store.
  2602 | D:4      | Reached skill level 5 in Maces & Flails
  2611 | D:4      | Bought a scroll of identify for 22 gold pieces
  2954 | D:4      | Identified the ring "Omaphak" {Fly rF++ Str-2}
  3100 | D:5      | Entered Level 5 of the Dungeon
  3151 | D:5      | Noticed an ogre
  3155 | D:5      | Killed an ogre
  3156 | D:5      | Reached XP level 6. HP: 13/38 MP: 6/6
  3343 | D:5      | TheSexyCheese: hi
  3574 | D:5      | Found a glowing drain.
  3579 | Sewer    | Entered a sewer
  3698 | Sewer    | Reached XP level 7. HP: 36/44 MP: 7/7
  3816 | Sewer    | Reached skill level 6 in Maces & Flails
  4430 | D:5      | Found a glowing golden altar of the Shining One.
  4725 | D:6      | Reached skill level 5 in Fighting
  4727 | D:6      | HP: 2/44 [something (3)]
  4732 | D:6      | Killed from afar by an orc wizard

Illustrated notes

Levels and vault maps discovered:
D:1:      dpeg_arrival_castle, layout_basic, shapermc_ecumenical_altar_pompeii
D:2:      layout_loops_ring
D:3:      layout_basic, uniq_crazy_yiuf_cottage
D:4:      layout_loops_ring, serial_shops, nicolae_shop_waterfront
D:5:      layout_rooms, lemuel_coloured_pillars_altar, lightli_sewer_entry_pipes
D:6:      layout_cave_pods, minmay_temple_entry_statues_pillars,
          uniq_blork_the_orc

Skill      XL: |  1  2  3  4  5  6  7 |
---------------+----------------------+-----
Armour         | 1 2 3 4 |  4.3
Fighting       | 3 4 5 |  5.1
Maces & Flails | 4 5 6 |  6.8
Throwing       | |  1.7
Dodging        | |  2.4

Action                     |  1- 3 |  4- 6 |  7- 9 || total
---------------------------+-------+-------+-------++-------
  Melee: Flail             |    44 |   153 |    68 ||   265
         Punch             |     2 |       |       ||     2
         War axe           |       |    19 |    40 ||    59
  Throw: Dart              |       |     1 |       ||     1
  Evoke: Wand              |     1 |     1 |       ||     2
    Use: Scroll            |       |     6 |     4 ||    10
         Potion            |       |       |     2 ||     2
 Armour: Leather armour    |    14 |       |       ||    14
         Ring mail         |    14 |     4 |       ||    18
         Chain mail        |       |   137 |   130 ||   267
  Dodge: Dodged            |    23 |    76 |    54 ||   153
